 Dungeon Crawl Stone Soup version 0.30-a0-1043-g60ff8d5f49 (webtiles) character file.

Game seed: 5274224746473451924

95 Arcadio the Merchant of Misery (level 4, -1/30 HPs)
             Began as a Human Necromancer on Apr 9, 2023.
             Was a Believer of Kikubaaqudgha.
             Slain by a hobgoblin (6 damage)
             ... led by Robin
             ... on level 3 of the Dungeon.
             The game lasted 00:07:30 (2252 turns).

Arcadio the Merchant of Misery (Human Necromancer)  Turns: 2252, Time: 00:07:30

Health: -1/30      AC:  2    Str:  9    XL:     4   Next: 95%
Magic:  1/8        EV: 13    Int: 17    God:    Kikubaaqudgha [**....]
Gold:   113        SH:  0    Dex: 13    Spells: 3/8 levels left

rFire   . . .      SeeInvis .    e - +0 short sword (freeze)
rCold   . . .      Faith    .    (no shield)
rNeg    . . .      Spirit   .    a - +0 robe
rPois   .          Reflect  .    (no helmet)
rElec   .          Rampage  .    (no cloak)
rCorr   .                        (no gloves)
Will    .....                    (no boots)
Stlth   ++                       (no amulet)
HPRegen 0.25/turn                (no ring)
MPRegen 0.11/turn                (no ring)

@: lethally poisoned (-1 -> -4), very slightly contaminated, hasted, very quick
A: no striking features
a: Renounce Religion, Unearth Wretches


You were on level 3 of the Dungeon.
You worshipped Kikubaaqudgha.
Kikubaaqudgha was pleased with you.
You visited 1 branch of the dungeon, and saw 3 of its levels.

You collected 149 gold pieces.
You spent 36 gold pieces at shops.

Inventory:

Hand Weapons
 e - a +0 short sword of freezing (weapon)
Armour
 a - a +0 robe (worn)
 o - +0 ice dragon scales
Scrolls
 c - a scroll of torment {unknown}
 g - a scroll of summoning
 h - 3 scrolls of magic mapping
 j - a scroll of enchant armour {unknown}
 k - 2 scrolls of poison {unknown}
 m - a scroll of vulnerability {unknown}
 n - a scroll of acquirement {unknown}
 p - a scroll of teleportation {unknown}
Potions
 b - a potion of magic
 d - 2 potions of haste
 i - a potion of lignification
 q - 2 potions of berserk rage {unknown}


   Skills:
 + Level 3.1 Dodging
 - Level 2.0 Stealth
 + Level 2.9 Spellcasting
 + Level 4.7 Necromancy


You had 3 spell levels left.
You knew the following spells:

 Your Spells              Type           Power      Damage    Failure   Level
a - Necrotise             Necr           72%        1d7       2%          1
b - Vampiric Draining     Necr           18%        2d7       8%          3
c - Kiss of Death         Conj/Necr      40%        2d8       7%          1

Your spell library contained the following spells:

 Spells                   Type           Power      Damage    Failure   Level
 Cigotuvi's Dreadful Rot  Necr/Pois/Air  14%        N/A       14%         2
 Tukima's Dance           Hex            2%         N/A       47%         3
 Animate Dead             Necr           18%        N/A       26%         4
 Agony                    Necr           18%        N/A       56%         5
 Passage of Golubria      Tloc           2%         N/A       87%         4
 Yara's Violent Unravell  Hex/Tmut       1%         3d3       99%         5


Dungeon Overview and Level Annotations

Branches:
Dungeon (3/15) Zot: 15747

Altars:
Kikubaaqudgha

Shops:
D:2 [[!

Annotations:
D:3 1 transporter, Grinder; Robin; stickyfingers's ghost, amateur AtRe


Message History

Robin roars a battlecry!
The hobgoblin goes into a battle-frenzy!
Items here: ))) ††††.
You feel better. The hobgoblin barely misses you.
Casting: Necrotise (safe; 2% risk of failure)
Confirm with . or Enter, or press ? or * to list all spells.
The spell is quite dangerous to miscast (8% risk of failure)!
Continue anyway?
Aiming: Vampiric Draining (quite dangerous; 8% risk of failure)
Press: ? - help, Shift-Dir - straight line, f - hobgoblin, p - Robin
Aim: a hobgoblin (strong)
You draw life force from the hobgoblin!
You kill the hobgoblin!
Kikubaaqudgha accepts your kill.
You feel life coursing into your body. Robin throws the goblin at you!
You hit the goblin. You freeze the goblin.
The goblin is severely wounded.
The goblin hits you with a +0 dagger of venom.
You are poisoned.
The hobgoblin closely misses you.
Robin roars a battlecry!
You hit the goblin. You freeze the goblin.
You kill the goblin!
Kikubaaqudgha accepts your kill.
You feel sick. The hobgoblin hits you.
Okay, then.
Casting: Vampiric Draining (quite dangerous; 8% risk of failure)
Confirm with . or Enter, or press ? or * to list all spells.
The spell is quite dangerous to miscast (8% risk of failure)!
Continue anyway?
Aiming: Vampiric Draining (quite dangerous; 8% risk of failure)
Press: ? - help, Shift-Dir - straight line, f - hobgoblin
Aim: a hobgoblin (strong)
You miscast Vampiric Draining.
You are very lightly contaminated with residual magic.
Nothing appears to happen.
You feel sick. The hobgoblin barely misses you.
Okay, then.
Okay, then.
You aren't carrying any items that you can evoke.
You feel yourself speed up.
You feel sick. The hobgoblin hits you.
You die...
Kikubaaqudgha rasps: "You have failed me!
Welcome... death!"

### ...# ##.#.#.## #
# #.
#<##.#####.###.. #
##.##....<)@gg.....#
# #
#.....##.####gg.####
#.#>#.#.#.## .....#
#.#.##...## .......
#.......## ...©.©.
###.##### #######
#.......# ...(/..
#.#.###.# .##...#
#.#.# #.#


You could see Robin, a hobgoblin (strong) and 2 goblins.

Vanquished Creatures
  3 adders (D:2)
  2 dart slugs (D:2)
  2 orcs (D:3)
  A bat (D:2)
  3 endoplasms
  2 giant cockroaches
  12 goblins
  9 hobgoblins
  5 kobolds
  3 quokkas
  3 ball pythons
  2 frilled lizards (D:1)
  6 rats
53 creatures vanquished.

Vanquished Creatures (collateral kills)
  A goblin (D:2)
  A frilled lizard (D:1)
2 creatures vanquished.

Vanquished Creatures (others)
  4 toadstools (D:1)
4 creatures vanquished.

Grand Total: 59 creatures vanquished

Notes
Turn   | Place    | Note
-------+----------+-------------------------------------------
     0 | D:1      | Arcadio the Human Necromancer began the quest for the Orb.
     0 | D:1      | Reached XP level 1. HP: 13/13 MP: 3/3
    97 | D:1      | Found a faded altar of an unknown god.
   110 | D:1      | Prayed at the altar of an unknown god.
   110 | D:1      | Became a worshipper of Kikubaaqudgha
   110 | D:1      | Reached * piety under Kikubaaqudgha
   110 | D:1      | Received a gift from Kikubaaqudgha
   135 | D:1      | Reached XP level 2. HP: 19/19 MP: 5/5
   681 | D:1      | Reached XP level 3. HP: 22/24 MP: 2/6
   747 | D:1      | Learned a level 3 spell: Vampiric Draining
   749 | D:1      | Learned a level 1 spell: Kiss of Death
   974 | D:2      | Found Hippar's Distillery.
  1030 | D:2      | Bought a potion of curing for 36 gold pieces
  1072 | D:2      | Found Kezipron's Armour Shop.
  1121 | D:2      | Found Rizezepp's Antique Armour Shoppe.
  1264 | D:2      | Reached XP level 4. HP: 27/30 MP: 0/8
  1266 | D:2      | Reached ** piety under Kikubaaqudgha
  1890 | D:3      | Noticed Grinder
  2230 | D:3      | Noticed Robin
  2235 | D:3      | Found a transporter.
  2236 | D:3      | Noticed stickyfingers's ghost (amateur AtRe)
  2252 | D:3      | Slain by a hobgoblin

Illustrated notes

Levels and vault maps discovered:
D:1:      ldierk_walled_garden_2, layout_loops_ring,
          chequers_ecumenical_altar_simple_redux
D:2:      layout_rooms, serial_shops, shop, nicolae_shop_crystal,
          nicolae_shop_hallway_stairs
D:3:      layout_loops_corners, gammafunk_ghost_smash, minmay_bisected,
          uniq_grinder, uniq_robin

Skill      XL: |  1  2  3  4 |
---------------+-------------+-----
Dodging        | 3 |  3.1
Stealth        | |  2.0
Spellcasting   | |  2.9
Necromancy     | |  4.7

Action                     |  1- 3 |  4- 6 || total
---------------------------+-------+-------++-------
  Melee: Short sword       |    75 |    70 ||   145
         Punch             |     1 |       ||     1
   Cast: Necrotise         |    28 |     9 ||    37
         Vampiric Draining |       |     1 ||     1
    Use: Scroll            |     3 |     2 ||     5
         Potion            |       |     2 ||     2
   Stab: Sleeping          |     2 |     4 ||     6
 Armour: Robe              |     5 |    13 ||    18
  Dodge: Dodged            |    68 |    48 ||   116

Table legend: (Time is in decaauts)
 A = Elapsed time spent in this place.
 B = Non-inter-level travel time spent in this place.
 C = Inter-level travel time spent in this place.
 D = Time resting spent in this place.
 E = Time spent auto-exploring this place.
 F = Levels seen in this place.
 G = Mean time per level.
                   A        B        C        D        E       F      G
               +--------+--------+--------+--------+--------+-----+--------+
         Total |   2251 |   2219 |     32 |     25 |   1736 |   3 |  750.3 |
       Dungeon |   2251 |   2219 |     32 |     25 |   1736 |   3 |  750.3 |
               +--------+--------+--------+--------+--------+-----+--------+

Top non-repeatable levels by time:
     D:1: 965 daAuts
     D:2: 837 daAuts
     D:3: 448 daAuts
